 Dungeon Crawl Stone Soup version 0.18-a0-1197-g8004e50 (webtiles) character file.

4345 Shaidar413 the Grappler (level 10, -4/100 HPs)
             Began as a Troll Berserker on Jan 30, 2016.
             Was a High Priest of Trog.
             Slain by a spiny frog (16 damage)
             ... on level 1 of the Lair of Beasts.
             The game lasted 00:38:26 (6923 turns).

Shaidar413 the Grappler (Troll Berserker)           Turns: 6923, Time: 00:38:26

Health: -4/100     AC:  8    Str: 30    XL:     10   Next: 12%
Magic:  9/9        EV: 15    Int:  3    God:    Trog [*****.]
Gold:   472        SH:  0    Dex:  9    Spells: 0 memorised, 9 levels left

rFire  . . .     SeeInvis .       - Unarmed
rCold  . . .     Gourm    +     a - +2 animal skin
rNeg   . . .     Faith    .     (no shield)
rPois  .         Spirit   .     (helmet restricted)
rElec  .         Dismiss  .     (no cloak)
rCorr  +         Reflect  .     (gloves unavailable)
SustAt .         Harm     +     (boots unavailable)
MR     .....                    h - amulet of harm
Stlth  ++........               I - +3 ring of evasion
                                j - ring of resist corrosion

@: not resistant to hostile enchantments, unstealthy
A: unfitting armour, claws 3, fast metabolism 3, gourmand, regeneration 2,
shaggy fur 2, tough skin 2
a: Berserk, Trog's Hand, Brothers in Arms, Burn Spellbooks, Renounce Religion


You were on level 1 of the Lair of Beasts.
You worshipped Trog.
Trog was extremely pleased with you.
You were full.

You visited 2 branches of the dungeon, and saw 10 of its levels.
You also visited: Ossuary.

You collected 614 gold pieces.
You spent 142 gold pieces at shops.

Inventory:

Hand Weapons
 k - a +0 giant spiked club
 D - a +0 giant club
 L - a +0 giant spiked club
Missiles
 t - 2 throwing nets (quivered)
Armour
 a - a +2 animal skin (worn)
 p - a +0 animal skin
Jewellery
 h - an amulet of harm (around neck)
 j - a ring of resist corrosion (left claw)
 G - an uncursed ring of see invisible
 I - a +3 ring of evasion (right claw)
 J - an uncursed ring of protection from cold {unknown}
 M - a cursed ring of loudness {unknown}
Wands
 x - a wand of flame (21/48)
 C - a wand of digging (12/24)
Scrolls
 d - 2 scrolls of fear
 l - 3 scrolls of remove curse
 m - a scroll of enchant weapon
 r - 2 scrolls of fog
 u - a scroll of recharging {unknown}
 y - 4 scrolls of random uselessness
 A - a scroll of magic mapping {unknown}
 B - 2 scrolls of noise {unknown}
 F - 2 scrolls of blinking {unknown}
 K - a scroll of torment {unknown}
Potions
 c - 5 potions of ambrosia
 e - 4 potions of curing
 i - 3 potions of heal wounds
 n - 2 potions of brilliance
 o - a potion of flight {unknown}
 s - a potion of lignification
 v - 2 potions of agility {unknown}
 w - a potion of mutation {unknown}
 z - a potion of resistance {unknown}
Books
 g - a book of Callings

   Spells                             Type                      Level
   a - Summon Small Mammal            Summoning                    1
   b - Call Imp                       Summoning                    2
   c - Call Canine Familiar           Summoning                    3
   d - Summon Guardian Golem          Hexes/Summoning              3
   e - Summon Lightning Spire         Summoning/Air                4
   f - Summon Ice Beast               Ice/Summoning                4
   Trog disapproves of the use of such an item.
 E - a book of Air

   Spells                             Type                      Level
   a - Shock                          Conjuration/Air              1
   b - Swiftness                      Charms/Air                   2
   c - Repel Missiles                 Charms/Air                   2
   d - Static Discharge               Conjuration/Air              3
   e - Lightning Bolt                 Conjuration/Air              5
   Trog disapproves of the use of such an item.
Miscellaneous
 H - a plain deck of summoning
Comestibles
 b - 9 bread rations
 f - 5 meat rations
 q - 9 slices of pizza


   Skills:
 + Level 6.3 Fighting
 + Level 8.3 Dodging
 + Level 2.0 Stealth
 + Level 8.9 Unarmed Combat


You had 9 spell levels left.
You didn't know any spells.

Dungeon Overview and Level Annotations

Branches:
Dungeon (9/15)             Temple (0/1) D:5            Lair (1/8) D:9
    Orc: D:9-12

Altars:
Ashenzari
Fedhas
Gozag
Makhleb
Qazlal
Ru
Sif Muna
Zin

Shops:
D:4 ?   D:5 :   D:7 %==:?

Annotations:
D:5 1 runed door


Innate Abilities, Weirdness & Mutations

You are too large for most types of armour.
You have claws for hands.
Your metabolism is lightning-fast.
You like to eat raw meat.
You heal very quickly.
You are covered in thick fur (AC +2).
You have very tough skin (AC +2).


Message History

A river rat comes into view.
You are struck by the porcupine's spines.
You claw the porcupine!
You kill the porcupine!
Trog accepts your kill. The spiny frog barely misses you.
You mangle the giant frog!!
You kill the giant frog!
Trog accepts your kill. The spiny frog stings you!!
You claw the river rat!
You kill the river rat!
Trog accepts your kill. The spiny frog stings you!!
* * * LOW HITPOINT WARNING * * *
The spiny frog closely misses you. The spiny frog stings you.
* * * LOW HITPOINT WARNING * * *
The spiny frog stings you!
You die...

....# ###...# ##.....#
######.....)#
......#......#
.#..#...<....#
#...#....#...## #
#.>.###.......##.P#..
##......@#.^..........
#....###F#....###.##..
#...####.#.).........
##...#..........##(#..
#.r.#r##......### . #
##r..####...##.....
.$..#.#...##
##..#####...
#.......## #### ..
.....8.†!# .


You could see a spiny frog.

Vanquished Creatures
  Grinder (D:3)
  A yak (D:9)
  A human (D:8)
  2 soldier ants (D:5)
  Edmund (D:6)
  A porcupine (Lair:1)
  An orc warrior (D:9)
  An ice beast (D:8)
  A necrophage (D:6)
  5 ogres
  3 phantoms
  2 centaurs (D:8)
  A crocodile (D:9)
  A gnoll sergeant (D:8)
  3 giant frogs
  3 scorpions
  A killer bee (D:5)
  3 wights (D:6)
  5 crimson imps
  2 human zombies (Ossuary)
  2 centaur skeletons
  A giant frog skeleton (D:5)
  2 hounds
  A jelly (D:8)
  2 orc priests (D:8)
  8 orc wizards
  An iguana (D:5)
  18 worker ants
  A big kobold zombie (Ossuary)
  2 hound zombies
  2 hound skeletons
  5 mummies
  A worker ant zombie (D:7)
  Robin (D:3)
  13 gnolls
  4 adders
  9 river rats
  3 shadow imps
  2 oozes
  6 worms
  An adder skeleton (D:4)
  2 giant geckos (D:1)
  10 orcs
  2 ball pythons
  6 giant cockroaches
  11 goblins
  13 hobgoblins
  11 jackals
  7 quokkas
  14 bats
  3 giant newts
  2 gnoll zombies (Ossuary)
  2 hobgoblin zombies (Ossuary)
  A jackal zombie (D:8)
  4 kobolds
  A kobold zombie (Ossuary)
  13 rats
  A butterfly (D:5)
  A fungus (D:9)
  3 plants (D:9)
231 creatures vanquished.

Notes
Turn   | Place    | Note
--------------------------------------------------------------
     0 | D:1      | Shaidar413 the Troll Berserker began the quest for the Orb.
     0 | D:1      | Reached XP level 1. HP: 22/22 MP: 0/0
   116 | D:1      | Reached XP level 2. HP: 27/29 MP: 1/1
   825 | D:2      | Reached XP level 3. HP: 36/36 MP: 2/2
   916 | D:2      | Reached ** piety under Trog
  1460 | D:3      | Reached XP level 4. HP: 37/44 MP: 3/3
  1526 | D:3      | Noticed Robin
  1543 | D:3      | Killed Robin
  1763 | D:3      | Found a stormy altar of Qazlal.
  1848 | D:3      | Noticed Grinder
  1853 | D:3      | Reached *** piety under Trog
  1869 | D:3      | HP: 2/44 [Grinder (3)]
  1881 | D:3      | Paralysed by Grinder for 4 turns
  1886 | D:3      | HP: 1/44 [Grinder/nerve-wracking pain (12)]
  1889 | D:3      | Killed Grinder
  1889 | D:3      | Reached skill level 4 in Dodging
  1889 | D:3      | Reached XP level 5. HP: 1/53 MP: 4/4
  1889 | D:3      | Reached XP level 6. HP: 1/61 MP: 5/5
  2093 | D:4      | Found a burning altar of Makhleb.
  2298 | D:4      | Found a deep blue altar of Sif Muna.
  2305 | D:4      | Found a sacrificial altar of Ru.
  2309 | D:4      | Found a stormy altar of Qazlal.
  2315 | D:4      | Found a glowing silver altar of Zin.
  2470 | D:4      | Found Reaveckenk's Magic Scroll Boutique.
  2482 | D:4      | Bought a scroll of identify for 20 gold pieces
  2482 | D:4      | Bought a scroll of identify for 20 gold pieces
  2482 | D:4      | Bought a scroll of identify for 20 gold pieces
  2482 | D:4      | Bought a scroll of identify for 20 gold pieces
  2482 | D:4      | Bought a scroll of identify for 20 gold pieces
  2482 | D:4      | Bought a scroll of identify for 20 gold pieces
  2488 | D:4      | Gained mutation: You are covered in thick fur (AC +2). [potion of beneficial mutation]
  2727 | D:5      | Entered Level 5 of the Dungeon
  2741 | D:5      | Reached XP level 7. HP: 67/67 MP: 6/6
  2766 | D:5      | Found a runed door.
  2768 | D:5      | Found a runed door.
  2778 | D:5      | Reached skill level 5 in Dodging
  2778 | D:5      | Reached skill level 1 in Stealth
  2778 | D:5      | Reached skill level 5 in Unarmed Combat
  2927 | D:5      | Reached skill level 6 in Unarmed Combat
  2927 | D:5      | Reached XP level 8. HP: 78/78 MP: 7/7
  2965 | D:5      | Found Ximei's Book Shoppe.
  3040 | D:5      | Found a shattered altar of Ashenzari.
  3138 | D:5      | Found a sand-covered staircase.
  3153 | Ossuary  | Entered an ossuary
  3564 | D:5      | Found a staircase to the Ecumenical Temple.
  3680 | D:5      | Reached **** piety under Trog
  3855 | D:5      | Found an opulent altar of Gozag.
  3855 | D:5      | Found a blossoming altar of Fedhas.
  4043 | D:6      | Reached skill level 7 in Unarmed Combat
  4051 | D:6      | Reached skill level 5 in Fighting
  4122 | D:6      | Noticed Edmund
  4133 | D:6      | Killed Edmund
  4208 | D:6      | Reached XP level 9. HP: 80/88 MP: 8/8
  4591 | D:7      | Found Joem's Jewellery Shoppe.
  4593 | D:7      | Found Wulerill's Food Shoppe.
  4630 | D:7      | Found Ivang's Jewellery Shop.
  4865 | D:7      | Found Vyutes's Book Shoppe.
  5006 | D:7      | Found Qogova Lyoc's Magic Scroll Shoppe.
  5025 | D:7      | Bought a scroll of identify for 22 gold pieces
  5745 | D:8      | Reached skill level 8 in Unarmed Combat
  6160 | D:8      | Reached ***** piety under Trog
  6766 | D:9      | Reached XP level 10. HP: 89/98 MP: 9/9
  6868 | D:9      | Found a staircase to the Lair.
  6883 | Lair:1   | Entered Level 1 of the Lair of Beasts
  6904 | Lair:1   | Noticed a spiny frog
  6923 | Lair:1   | Slain by a spiny frog

Vault maps used:
D:1:      minmay_arrival_glassed_features
D:2:      first_bread
D:3:      hex_tiny, nicolae_qazlal_eye_of_the_storm, uniq_robin, uniq_grinder
D:4:      marbit_many_paths, minitemple, serial_shops, kennysheep_little_box
D:5:      lemuel_insect_pit, evilmike_ruin_ashenzari,
          gammafunk_temple_overflow_statue, minmay_temple_entry_large_hall,
          gup_ossuary_entry_pyramid, serial_shops, shop_statue,
          kennysheep_small_square
D:6:      amalloy_card_club, uniq_edmund
D:7:      serial_shops, kennysheep_mini, shop, shop_coins, shop, shop
D:8:      grunt_pizzeria
D:9:      elyvilon_altar_1, grunt_lair_entry_orc_guard_hut, serial_shops, shop,
          uniq_gastronok, uniq_erica, uniq_pikel
Lair:1:   lemuel_reptile_caves, special_room, serial_bayou_shore_b,
          grunt_megastairs_4
Ossuary:  ossuary_crypta

Action                   |  1- 3 |  4- 6 |  7- 9 | 10-12 || total
-------------------------+-------+-------+-------+-------++-------
Melee: Unarmed           |   103 |   115 |   372 |    69 ||   659
Invok: Berserk           |       |     1 |     1 |       ||     2
  Use: Scroll            |     5 |    10 |     5 |       ||    20
       Potion            |       |     4 |     1 |       ||     5
 Stab: Sleeping          |       |     1 |       |       ||     1
  Eat: Chunk             |    10 |    15 |    38 |     1 ||    64
       Fruit             |       |       |     5 |       ||     5
